 Dungeon Crawl Stone Soup version 0.29-a0-819-g94b489e0ae (webtiles) character file.

Game seed: 6736143122921371529

24323 greasedhog the Cruncher (level 13, -7/103 HPs)
             Began as a Formicid Fighter on July 5, 2022.
             Was an Elder of Qazlal.
             Mangled by a large slime creature (28 damage)
             ... on level 13 of the Dungeon on July 6, 2022.
             The game lasted 00:31:39 (11301 turns).

greasedhog the Cruncher (Formicid Fighter)         Turns: 11301, Time: 00:31:40

Health: -7/103     AC: 23    Str: 27    XL:     13   Next: 42%
Magic:  17/19      EV: 13    Int:  7    God:    Qazlal [****..]
Gold:   733        SH: 12    Dex: 15    Spells: 12/12 levels left

rFire   . . .      SeeInvis +   a - +4 quarterstaff (chaos)
rCold   . . .      Faith    .   c - +0 buckler
rNeg    . . .      Spirit   .   M - +0 plate armour
rPois   +          Reflect  .   (helmet unavailable)
rElec   .          Harm     .   N - +2 cloak
rCorr   .          Rampage  .   u - +1 pair of gloves
Will    ++...      Clarity  +   y - +0 pair of boots "Enait" {Contam rPois Dex+2}
Stlth   ..........              h - amulet of regeneration
HPRegen 1.07/turn               G - +4 ring of evasion
MPRegen 0.16/turn               C - ring of willpower

@: repel missiles
A: permanent stasis, dig shafts and tunnels, antennae 3, four strong arms,
iridescent scales 1, clarity
a: Dig, Shaft Self, Renounce Religion, Upheaval, Elemental Force


You were on level 13 of the Dungeon.
You worshipped Qazlal.
Qazlal was greatly pleased with you.
You visited 2 branches of the dungeon, and saw 15 of its levels.

You collected 854 gold pieces.
You spent 121 gold pieces at shops.

Inventory:

Hand Weapons
 a - a +4 quarterstaff of chaos (weapon)
Missiles
 e - 3 throwing nets (quivered)
Armour
 c - a +0 buckler (worn)
 f - a +1 ring mail of positive energy
 t - a +0 scale mail of cold resistance
 u - a +1 pair of gloves (worn)
 y - the +0 pair of boots "Enait" (worn) {Contam rPois Dex+2}
   (You found it on level 10 of the Dungeon)

   Dex:       It affects your dexterity (+2).
   rPois:     It protects you from poison.
   Contam:    It causes magical contamination when unequipped.
 M - a +0 plate armour (worn)
 N - a +2 cloak (worn)
Jewellery
 d - a +6 ring of intelligence
 h - an amulet of regeneration (around neck)
 x - a ring of protection from cold
 z - a ring of resist corrosion
 A - a ring of protection from cold
 C - a ring of willpower (right hand)
 F - a ring of flight
 G - a +4 ring of evasion (left hand)
Wands
 b - a wand of flame (15)
 v - a wand of polymorph (32)
 D - a wand of mindburst (2)
 P - a wand of light (5)
 Q - a wand of paralysis (2)
Scrolls
 g - 2 scrolls of enchant armour
 j - 4 scrolls of poison
 k - a scroll of magic mapping
 m - a scroll of silence
 o - a scroll of immolation
 p - 5 scrolls of fog
 q - 2 scrolls of enchant weapon
 r - a scroll of brand weapon
 w - 3 scrolls of amnesia
 B - a scroll of fear
 I - 2 scrolls of summoning
 J - 3 scrolls of identify
Potions
 i - a potion of cancellation
 l - 10 potions of curing
 s - a potion of flight
 K - a potion of attraction
 L - a potion of might
 O - a potion of brilliance
 R - 2 potions of mutation


   Skills:
 - Level 10.0 Fighting
 - Level 14.1 Staves
 - Level 10.0 Armour
 * Level 3.2 Dodging
 - Level 10.0 Shields
 * Level 8.4 Invocations
 - Level 5.4 Evocations


You had 12 spell levels left.
You didn't know any spells.
Your spell library contained the following spells:

 Spells                   Type           Power      Damage    Failure   Level
 Apportation              Tloc           0%         N/A       99%         1
 Foxfire                  Conj/Fire      0%         2x1d4     99%         1
 Necrotise                Necr           0%         1d4       99%         1
 Summon Small Mammal      Summ           0%         N/A       99%         1
 Ensorcelled Hibernation  Hex/Ice        0%         N/A       100%        2
 Passwall                 Tmut/Erth      0%         N/A       100%        2
 Conjure Flame            Conj/Fire      0%         6-21      100%        3
 Gell's Gravitas          Tloc           0%         N/A       100%        3
 Ignite Poison            Fire/Tmut/Pois 0%         N/A       100%        3
 Inner Flame              Hex/Fire       0%         N/A       100%        3
 Lesser Beckoning         Tloc           0%         N/A       100%        3
 Mephitic Cloud           Conj/Pois/Air  0%         N/A       100%        3
 Portal Projectile        Hex/Tloc       0%         N/A       100%        3
 Teleport Other           Tloc           0%         N/A       100%        3
 Tukima's Dance           Hex            0%         N/A       100%        3
 Flame Wave               Conj/Fire      0%         2d4       100%        4
 Blade Hands              Tmut           0%         N/A       100%        5
 Freezing Cloud           Conj/Ice/Air   0%         6-21      100%        5
 Manifold Assault         Tloc           0%         N/A       100%        5
 Blink                    Tloc           Unusable   N/A       N/A         2
 Swiftness                Air            Unusable   N/A       N/A         3

Dungeon Overview and Level Annotations

Branches:
Dungeon (14/15)            Temple (1/1) D:7            Lair (0/6) D:9
    Orc (0/2) D:11
 Vaults: D:13-14

Altars:
Ashenzari
Cheibriados
Dithmenos
Elyvilon
Fedhas
Gozag
Hepliaklqana
Kikubaaqudgha
Makhleb
Nemelex Xobeh
Okawaru
Qazlal
Ru
Sif Muna
Trog
Uskayaw
Vehumet
Wu Jian
Xom
Yredelemnul
Zin
The Shining One

Shops:
D:7 [   D:12 (

Annotations:
D:6 2 runed translucent doors, gobodom's ghost, novice TrGl


Innate Abilities, Weirdness & Mutations

You cannot be hasted, slowed, berserked, paralysed or teleported.
You can dig through walls and to a lower floor.
You have a pair of large antennae on your head. (SInv)
Your four strong arms can wield two-handed weapons with a shield.
You are partially covered in iridescent scales. (AC +2)
You possess an exceptional clarity of mind.


Message History

The large slime creature is flash-frozen.
The blast of ice hits the enormous slime creature!
The enormous slime creature is moderately wounded.
The enormous slime creature is flash-frozen.
You block the large slime creature's attack. x2
The enormous slime creature hits you!!
* * * LOW HITPOINT WARNING * * *
An enormous slime creature splits.
There is an open door here.
You feel much better.
The large slime creature is no longer encased in ice. x3
A large slime creature splits.
Two slime creatures merge to form a very large slime creature.
A large slime creature splits.
You sock the slime creature!
You kill the slime creature!
Qazlal accepts your kill.
The very large slime creature attacks as you move away!
The very large slime creature hits you!!
Two slime creatures merge to form a large slime creature.
The very large slime creature hits you!!
* * * LOW HITPOINT WARNING * * *
You hit the very large slime creature.
You freeze the very large slime creature.
The very large slime creature is heavily wounded.
Your slime creature zombie is engulfed in freezing vapours.
Your slime creature zombie hits the very large slime creature!
You block the very large slime creature's attack.
The very large slime creature attacks as you move away!
You block the very large slime creature's attack.
Your slime creature zombie is engulfed in freezing vapours.
Your slime creature zombie hits the very large slime creature!
You bludgeon the very large slime creature!!
You freeze the very large slime creature!
The very large slime creature is almost dead.
A very large slime creature splits.
You hit the slime creature.
The slime creature is almost dead.
The large slime creature hits you!!
You die...

#.......### #.....
+.......# #.....
#.......# #.....
#..u>...# ##.###
######'## #...# #.u.#
###.. #####+######
##J### ######
#..........# #JZ..#
......
#..........#####@J..#
......
#..........##..'°...+
......
#..........##.##....#
......
#........[.##.##....#
......
#..........#J.##....#
......
#..........'.#####+##
...... #..........###
###### ####'#######
#. #.# { #.


You could see a cyan ugly thing, 2 large slime creatures, a slime creature
(fast) and a friendly slime creature zombie.

Vanquished Creatures
  Nessos (D:12)
  Josephine (D:10)
  3 hydras (D:12)
  Fannar (D:11)
  A rakshasa (D:8)
  5 two-headed ogres
  A fire crab (shapeshifter) (D:10)
  Pikel (D:6)
  A harpy (D:9)
  A wolf spider zombie (D:10)
  An ugly thing (D:13)
  3 cyclopes
  A centaur skeleton (D:10)
  3 centaur zombies (D:10)
  A gargoyle (D:12)
  An unseen horror (D:10)
  2 hellwings (D:10)
  5 trolls
  A slime creature (D:13)
  A shadow (D:12)
  Sigmund (D:5)
  2 vampires
  7 wraiths
  A wyvern (D:10)
  A basilisk (D:12)
  Grum (D:8)
  10 yaks (D:9)
  A steam dragon (D:8)
  4 vampire mosquitoes (D:13)
  3 acid dragons
  3 water moccasins
  Duvessa (D:7)
  7 orc warriors
  An ice beast (D:8)
  2 black bears (D:9)
  3 sky beasts (D:7)
  4 wolves
  4 centaurs
  A kobold brigand (D:10)
  A phantom (D:6)
  5 bullfrogs
  A gnoll sergeant (D:9)
  A necrophage (D:5)
  6 scorpions
  9 wights
  Dowan (D:7)
  6 killer bees (D:9)
  A jelly (D:7)
  6 howler monkeys
  3 hounds
  12 orc priests
  2 gnoll boudas
  Crazy Yiuf (D:7)
  4 iguanas
  Terence (D:3)
  A boggart zombie (D:10)
  11 orc wizards
  9 adders
  20 gnolls
  6 shadow imps
  A white imp (D:6)
  An orc zombie (D:11)
  2 dart slugs
  53 orcs
  7 endoplasms
  6 giant cockroaches
  2 goblins
  9 hobgoblins
  8 jackals
  11 kobolds
  7 quokkas
  10 ball pythons
  3 bats
  7 frilled lizards
  8 rats
334 creatures vanquished.

Vanquished Creatures (others)
  A human (D:13)
  A howler monkey (D:10)
  17 fungi (D:9)
  21 plants (D:9)
  A withered plant (D:10)
41 creatures vanquished.

Grand Total: 375 creatures vanquished

Notes
Turn   | Place    | Note
-------+----------+-------------------------------------------
     0 | D:1      | greasedhog the Formicid Fighter began the quest for the
                  | Orb.
     0 | D:1      | Reached XP level 1. HP: 18/18 MP: 1/1
   161 | D:1      | Found a faded altar of an unknown god.
   173 | D:1      | Reached XP level 2. HP: 24/24 MP: 2/2
   339 | D:1      | Reached skill level 3 in Staves
   486 | D:1      | Reached XP level 3. HP: 29/29 MP: 3/3
  1101 | D:2      | Reached skill level 4 in Staves
  1101 | D:2      | Reached XP level 4. HP: 35/35 MP: 4/4
  1267 | D:2      | Reached XP level 5. HP: 41/41 MP: 5/5
  1307 | D:2      | Identified the +1 robe of Tupe {Dex+3}
  1585 | D:3      | Reached skill level 5 in Staves
  1806 | D:3      | Reached XP level 6. HP: 46/47 MP: 6/6
  1820 | D:3      | Reached skill level 6 in Staves
  1923 | D:3      | Noticed Terence
  1933 | D:3      | Killed Terence
  2431 | D:4      | Reached skill level 7 in Staves
  2431 | D:4      | Reached XP level 7. HP: 52/52 MP: 7/7
  2700 | D:5      | Entered Level 5 of the Dungeon
  2852 | D:5      | Noticed Sigmund
  2871 | D:5      | Killed Sigmund
  2872 | D:5      | Reached skill level 8 in Staves
  2872 | D:5      | Reached XP level 8. HP: 42/58 MP: 8/8
  3559 | D:6      | Reached skill level 9 in Staves
  3559 | D:6      | Reached skill level 1 in Evocations
  3613 | D:6      | Found a runed translucent door.
  3617 | D:6      | Noticed gobodom's ghost (novice TrGl)
  3787 | D:6      | Found a burning altar of Makhleb.
  4309 | D:6      | Noticed Pikel
  4328 | D:6      | Killed Pikel
  4329 | D:6      | Reached skill level 10 in Staves
  4329 | D:6      | Reached XP level 9. HP: 32/64 MP: 9/9
  4588 | D:6      | Found a runed translucent door.
  4648 | D:6      | Upgraded the game from 0.29-a0-817-g9904bce7a6 to
                  | 0.29-a0-819-g94b489e0ae
  4712 | D:7      | Noticed Duvessa
  4717 | D:7      | Noticed Dowan
  4745 | D:7      | Killed Duvessa
  4747 | D:7      | Killed Dowan
  4769 | D:7      | Reached skill level 5 in Evocations
  4797 | D:7      | Found a staircase to the Ecumenical Temple.
  4825 | D:7      | Reached skill level 11 in Staves
  4848 | Temple   | Entered the Ecumenical Temple
  5046 | Temple   | Became a worshipper of Qazlal Stormbringer
  5092 | D:7      | Reached skill level 1 in Invocations
  5632 | D:7      | Reached XP level 10. HP: 70/70 MP: 12/12
  5762 | D:7      | Found a runed translucent door.
  5763 | D:7      | Noticed Crazy Yiuf
  5775 | D:7      | Killed Crazy Yiuf
  5871 | D:7      | Found Lufoviv's Antique Armour Boutique.
  5874 | D:7      | Bought a pair of boots for 121 gold pieces
  6023 | D:8      | Noticed a rakshasa
  6069 | D:8      | Noticed Grum
  6075 | D:8      | Reached skill level 5 in Invocations
  6094 | D:7      | Reached skill level 12 in Staves
  6184 | D:8      | Noticed Maurice
  6187 | D:8      | Noticed Maurice
  6187 | D:8      | Maurice changed into Maurice the ice beast
  6193 | D:8      | Killed Maurice the ice beast
  6194 | D:8      | Reached * piety under Qazlal
  6495 | D:8      | You fall into a shaft and drop 2 floors!
  6495 | D:10     | Entered Level 10 of the Dungeon
  7141 | D:9      | Reached ** piety under Qazlal
  7224 | D:9      | Reached skill level 13 in Staves
  7224 | D:9      | Reached XP level 11. HP: 78/78 MP: 16/16
  7272 | D:9      | Reached skill level 5 in Fighting
  7506 | D:9      | Gained mutation: Your system is resistant to poisons.
                  | (rPois) [potion of mutation]
  7506 | D:9      | Gained mutation: Your spells are a little harder to cast,
                  | but a little more powerful. [potion of mutation]
  7507 | D:9      | Lost mutation: Your spells are a little harder to cast, but
                  | a little more powerful. [potion of mutation]
  7507 | D:9      | Lost mutation: Your system is resistant to poisons. (rPois)
                  | [potion of mutation]
  7507 | D:9      | Gained mutation: You have sharp toenails. [potion of
                  | mutation]
  7508 | D:9      | Lost mutation: You have sharp toenails. [potion of
                  | mutation]
  7508 | D:9      | Gained mutation: Your system is resistant to poisons.
                  | (rPois) [potion of mutation]
  7508 | D:9      | Gained mutation: Your mind is acute. (Int +4, Str/Dex -1)
                  | [potion of mutation]
  7508 | D:9      | Gained mutation: Your spells are a little harder to cast,
                  | but a little more powerful. [potion of mutation]
  7509 | D:9      | Lost mutation: Your spells are a little harder to cast, but
                  | a little more powerful. [potion of mutation]
  7509 | D:9      | Lost mutation: Your mind is acute. (Int +4, Str/Dex -1)
                  | [potion of mutation]
  7509 | D:9      | Lost mutation: Your system is resistant to poisons. (rPois)
                  | [potion of mutation]
  7509 | D:9      | Gained mutation: You are partially covered in iridescent
                  | scales. (AC +2) [potion of mutation]
  7509 | D:9      | Gained mutation: You possess an exceptional clarity of
                  | mind. [potion of mutation]
  7540 | D:9      | Noticed a two-headed ogre
  7556 | D:9      | Killed a two-headed ogre
  7669 | D:9      | Noticed a harpy
  7669 | D:9      | a polar bear changed into a harpy
  7673 | D:9      | Killed a harpy
  7737 | D:9      | Found a sacrificial altar of Ru.
  7814 | D:9      | Found a staircase to the Lair.
  8214 | D:8      | Killed a rakshasa
  8215 | D:8      | Reached skill level 14 in Staves
  8249 | D:8      | Killed Grum
  8286 | D:8      | Noticed a boulder beetle
  8287 | D:8      | Noticed a broodmother
  8287 | D:8      | a boulder beetle changed into a broodmother
  8288 | D:8      | Noticed an ice dragon
  8288 | D:8      | a broodmother changed into an ice dragon
  8295 | D:8      | You fall into a shaft and drop 3 floors!
  8335 | D:11     | Noticed Fannar
  8341 | D:10     | Reached *** piety under Qazlal
  8408 | D:10     | Reached skill level 5 in Armour
  8449 | D:10     | Reached XP level 12. HP: 88/94 MP: 17/17
  8502 | D:10     | Noticed Maggie
  8507 | D:10     | Maggie changed into Maggie the shapeshifter
  8507 | D:10     | Noticed Maggie
  8507 | D:10     | Maggie the shapeshifter changed into Maggie the fire crab
  8511 | D:10     | Killed Maggie the fire crab
  8802 | D:10     | Noticed a two-headed ogre
  8825 | D:10     | Killed a two-headed ogre
  8826 | D:10     | Reached skill level 10 in Fighting
  8836 | D:10     | Noticed Josephine
  8851 | D:10     | Killed Josephine
  8858 | D:10     | Reached skill level 5 in Shields
  8899 | D:10     | Identified the +0 pair of boots "Enait" {Contam rPois
                  | Dex+2}
  8942 | D:10     | Found a shimmering blue altar of Sif Muna.
  8952 | D:10     | Found a shimmering altar of Xom.
  8957 | D:10     | Found a shadowy altar of Dithmenos.
  9051 | D:11     | Noticed a two-headed ogre
  9065 | D:10     | Killed a two-headed ogre
  9233 | D:11     | Found an ornate altar of the Wu Jian Council.
  9250 | D:11     | Killed Fannar
  9458 | D:11     | Found a staircase to the Orcish Mines.
  9494 | D:11     | Reached **** piety under Qazlal
  9704 | D:11     | Noticed a two-headed ogre
  9718 | D:11     | Killed a two-headed ogre
 10016 | D:12     | Noticed a five-headed hydra
 10033 | D:12     | Killed a five-headed hydra
 10061 | D:12     | Found Gitso's Antique Weapon Boutique.
 10061 | D:12     | Noticed Nessos
 10082 | D:12     | Killed Nessos
 10083 | D:12     | Reached XP level 13. HP: 69/103 MP: 18/18
 10487 | D:12     | Noticed a seven-headed hydra
 10497 | D:12     | Noticed an eight-headed hydra
 10499 | D:12     | Killed a seven-headed hydra
 10507 | D:12     | Killed an eight-headed hydra
 10740 | D:12     | Reached skill level 10 in Armour
 10882 | D:12     | Found a bloodstained altar of Trog.
 10983 | D:13     | Reached skill level 1 in Dodging
 11000 | D:13     | Reached skill level 10 in Shields
 11301 | D:13     | Mangled by a large slime creature

Illustrated notes

Levels and vault maps discovered:
D:1:      psy_arrival_terrarium, layout_loops_ring,
          hellmonk_ecumenical_altar_heavens_door
D:2:      layout_loops_ring, minmay_misc_feat_alley
D:3:      layout_loops_ring, uniq_terence
D:4:      layout_basic
D:5:      layout_loops_cross, corner_web_ring, roderic_lattice_a, uniq_sigmund
D:6:      minmay_spotlight, layout_basic, lightli_temple_of_fire,
          ebering_ghost_sewer_f, uniq_pikel
D:7:      layout_cave_pods, minmay_temple_entry_proselytizer, serial_shops,
          nicolae_shop_behind_doors, kennysheep_potato, uniq_duvessa,
          uniq_crazy_yiuf_cottage
D:8:      layout_rooms, kb_rosetta, uniq_maurice, uniq_grum
D:9:      layout_gridville, nicolae_ru_awakened_eye,
          grunt_lair_entry_orc_guard_hut, grunt_ministairs_10,
          hangedman_glass_teeth
D:10:     cheibrodos_grave_circle, layout_basic, minitemple, enter_bailey_6,
          uniq_maggie, uniq_josephine
D:11:     layout_long_grid, hiddenorc1_lemuel,
          nicolae_wu_jian_immortal_techniques, uniq_fannar
D:12:     layout_loops_corners, serial_shops, nicolae_shop_stone,
          wad_floor_pattern_1, trog_butcher_becter, uniq_nessos
D:13:     layout_roguey, ximxim_vaults_locker_room, minmay_stone_trees_medium
D:14:     layout_rooms, grunt_gozag_breadcrumbs, uniq_kirke, uniq_agnes
Temple:   nicolae_temple_bog_church

Skill      XL: |  1  2  3  4  5  6  7  8  9 10 11 12 13 |
---------------+----------------------------------------+-----
Staves         | 3 4 5 7 8 10 11 13 14 | 14.1
Evocations     | 4 5 |  5.4
Invocations    | 3 7 8 |  8.4
Fighting       | 4 8 10 | 10.0
Armour         | 5 9 10 | 10.0
Shields        | 8 10 | 10.0
Dodging        | 3 |  3.2

Action                   |  1- 3 |  4- 6 |  7- 9 | 10-12 | 13-15 || total
-------------------------+-------+-------+-------+-------+-------++-------
Melee: Quarterstaff      |    86 |   181 |   299 |   613 |   133 ||  1312
Throw: Throwing net      |       |       |       |     2 |       ||     2
Invok: Upheaval          |       |       |       |     3 |     3 ||     6
 Abil: Dig               |       |       |       |     2 |       ||     2
       Shaft Self        |       |       |       |     2 |       ||     2
Evoke: Wand              |       |       |       |    16 |     7 ||    23
  Use: Scroll            |     2 |     4 |     7 |     6 |     4 ||    23
       Potion            |       |       |     2 |     4 |     1 ||     7
Armor: Scale mail        |    42 |       |       |       |       ||    42
       Ring mail         |       |    68 |   132 |   132 |       ||   332
       Plate armour      |       |       |       |    35 |    50 ||    85
Dodge: Dodged            |    42 |    79 |   111 |   244 |    37 ||   513
Block: Buckler           |    24 |    45 |    47 |   192 |    55 ||   363

Table legend: (Time is in decaauts)
 A = Elapsed time spent in this place.
 B = Non-inter-level travel time spent in this place.
 C = Inter-level travel time spent in this place.
 D = Time resting spent in this place.
 E = Time spent auto-exploring this place.
 F = Levels seen in this place.
 G = Mean time per level.
                   A        B        C        D        E       F      G
               +--------+--------+--------+--------+--------+-----+--------+
         Total |  11021 |  10527 |    494 |    481 |   7179 |  15 |  734.7 |
       Dungeon |  10795 |  10351 |    444 |    481 |   7018 |  14 |  771.1 |
        Temple |    226 |    176 |     50 |      0 |    161 |   1 |  226.0 |
               +--------+--------+--------+--------+--------+-----+--------+

Top non-repeatable levels by time:
     D:7: 1371 daAuts
     D:9: 1367 daAuts
     D:6: 1175 daAuts
    D:10: 991 daAuts
    D:12: 967 daAuts
    D:11: 844 daAuts
     D:1: 794 daAuts
     D:5: 788 daAuts
     D:2: 760 daAuts
     D:3: 667 daAuts
     D:4: 499 daAuts
    D:13: 300 daAuts
     D:8: 266 daAuts
  Temple: 226 daAuts
    D:14: 1 daAuts
